 Dungeon Crawl Stone Soup version 0.18-a0-998-gcb3fcb1 (webtiles) character file.

427 Duffy the Digger (level 6, -1/32 HPs)
             Began as a Gargoyle Earth Elementalist on Jan 5, 2016.
             Killed by divine providence
             ... invoked by an orc priest
              (10 damage)
             ... on level 3 of the Dungeon.
             The game lasted 00:05:23 (4353 turns).

Duffy the Digger (Gargoyle Earth Elementalist)      Turns: 4353, Time: 00:05:23

Health: -1/32      AC: 11    Str: 12    XL:     6   Next: 97%
Magic:  1/11       EV: 13    Int: 17    God:
Gold:   207        SH:  0    Dex: 10    Spells: 3 memorised, 5 levels left

rFire  . . .     SeeInvis .     (no weapon)
rCold  . . .     Gourm    .     r - +0 robe {rN+}
rNeg   + + .     Faith    .     (no shield)
rPois  ∞         Spirit   .     (no helmet)
rElec  +         Dismiss  .     l - +1 cloak
rCorr  .         Reflect  .     (no gloves)
SustAt .         Harm     .     (no boots)
MR     .....                    (no amulet)
Stlth  ++........               t - +3 ring of protection
                                f - +1 ring of evasion

@: not resistant to hostile enchantments, unstealthy
A: negative energy resistance 1, electricity resistance, unbreathing,
petrification resistance, rot immunity, AC +4
a: no special abilities


You were on level 3 of the Dungeon.
You were not hungry.

You visited 1 branch of the dungeon, and saw 4 of its levels.

You collected 207 gold pieces.


Innate Abilities, Weirdness & Mutations

You are resistant to torment.
Your stone body is resilient (AC +4).
You are immune to poison.
You resist negative energy.
You are resistant to electric shocks.
You can survive without breathing.
You are immune to petrification.
You are immune to rotting.


   Skills:
 - Level 1.5 Dodging
 - Level 2.5 Stealth
 + Level 3.8 Spellcasting
 + Level 2.9 Conjurations
 - Level 0.8 Transmutations
 * Level 6.9 Earth Magic


You had 5 spell levels left.
You knew the following spells:

 Your Spells              Type           Power        Failure   Level  Hunger
a - Sandblast             Erth           ####..       1%          1    None
c - Stone Arrow           Conj/Erth      ###...       10%         3    ###....
P - Passwall              Trmt/Erth      ###.......   12%         3    ###....

Inventory:

Missiles
 b - 130 stones (quivered)
 i - 5 curare-tipped needles
 m - 14 poisoned needles
Armour
 a - a +0 robe
 l - a +1 cloak (worn)
 r - a +0 robe of positive energy (worn)
Jewellery
 f - a +1 ring of evasion (left hand)
 t - a +3 ring of protection (right hand)
Scrolls
 g - 4 scrolls of identify {unknown}
 k - 4 scrolls of teleportation {unknown}
 q - a scroll of enchant weapon {unknown}
 u - a scroll of random uselessness {unknown}
 v - 2 scrolls of remove curse {unknown}
Potions
 e - 3 potions of curing {unknown}
 h - a potion of ambrosia {unknown}
 n - a potion of degeneration {unknown}
 o - a potion of mutation {unknown}
 s - a potion of haste {unknown}
Books
 c - a book of Geomancy
Comestibles
 d - a bread ration
 j - a slice of pizza
 p - 2 fruits
 w - a chunk of flesh

Dungeon Overview and Level Annotations

Branches:
Dungeon (4/15)
 Temple: D:4-7

Altars:


Message History

Press: ? - help, Shift-Dir - straight line, f/p - orc priest
Aim: an orc priest The stone arrow hits the orc priest.
The orc priest is almost dead.
Cast which spell? (? or * to list)
You don't have enough magic to cast that spell.
Cast which spell? (? or * to list)
You don't have enough magic to cast that spell.
Cast which spell? (? or * to list)
You don't have enough magic to cast that spell.
Cast which spell? (? or * to list)
Aiming: Sandblast
Press: ? - help, Shift-Dir - straight line, f/p - orc priest
Aim: an orc priest (almost dead)
The blast of sand hits the orc priest.
The orc priest is almost dead.
Cast which spell? (? or * to list)
Aiming: Sandblast
Press: ? - help, Shift-Dir - straight line, f/p - orc priest
Aim: an orc priest (almost dead)
The blast of sand hits the orc priest.
You kill the orc priest!
The orc priest mumbles some strange prayers to Beogh against you.
Pain shoots through your body! The orc priest barely misses you.
An orc wizard comes into view. It is wielding a dagger.
There is a stone staircase leading up here.
You climb upwards.
There is a stone staircase leading down here.
The orc priest invokes the aid of Beogh against you.
Pain shoots through your body!
A kobold comes into view. It is wielding a short sword.
The orc priest invokes the aid of Beogh against you.
Something smites you!
You die...

#.##.###......## #####.### #
#.##.# #.......## #.......#
#.##.###..>...#.###.###.#.#
#'##..........##.##.# #.#.##
...########....##.#># #....# #
....## ##.#.#.##.# #..#.# ##
.....## ##.#...###.####...#####.
......####K.)#.####o#.........#..
......'.........@..........)..'..
.<....####...#.######.##...##.#..
.....## ##.##.# #.###.###.##.
....## ####.# #.###..##.### ...##
#...# #.........# # #'## #.###
######.#### #.# #.# #.# #.# #.#
#####.##### #.##########.#
#.........#


You could see an orc priest and a kobold (wandering).

Action                   |  1- 3 |  4- 6 || total
-------------------------+-------+-------++-------
 Cast: Sandblast         |    73 |    45 ||   118
       Stone Arrow       |       |    24 ||    24
  Eat: Chunk             |     4 |    10 ||    14

Notes
Turn   | Place    | Note
--------------------------------------------------------------
     0 | D:1      | Duffy the Gargoyle Earth Elementalist began the quest for the Orb.
     0 | D:1      | Reached XP level 1. HP: 10/10 MP: 3/3
   448 | D:1      | Reached XP level 2. HP: 15/15 MP: 3/5
   555 | D:1      | Reached skill level 4 in Earth Magic
   832 | D:1      | Reached XP level 3. HP: 19/19 MP: 2/6
  1612 | D:2      | Learned a level 3 spell: Stone Arrow
  1616 | D:2      | Learned a level 3 spell: Passwall
  1986 | D:2      | Reached XP level 4. HP: 22/24 MP: 3/8
  2512 | D:2      | Reached skill level 5 in Earth Magic
  2615 | D:3      | Noticed Sigmund
  2693 | D:3      | Killed Sigmund
  2693 | D:3      | Reached skill level 3 in Spellcasting
  2693 | D:3      | Reached skill level 2 in Conjurations
  2693 | D:3      | Reached skill level 6 in Earth Magic
  2693 | D:3      | Reached XP level 5. HP: 23/28 MP: 6/10
  2693 | D:3      | Reached XP level 6. HP: 26/32 MP: 6/11
  3522 | D:3      | Noticed Daviar's ghost (amateur VSMo)
  3606 | D:3      | Killed Daviar's ghost
  4353 | D:3      | Killed from afar by an orc priest

Vault maps used:
D:1:      onia_arrival_mini_spirals, solitary_fountain, serial_bayou_ford_a
D:3:      uniq_sigmund
D:4:      kennysheep_little_box, lemuel_doored_altar

Vanquished Creatures
  Sigmund
  The ghost of Daviar the Ruffian, an amateur VSMo
  An orc priest
  4 adders
  A gnoll
  4 worms
  4 giant geckos
  An orc
  8 bats
  3 giant cockroaches
  10 goblins
  3 hobgoblins
  A quokka
  A ball python
  5 giant newts
  11 kobolds
  8 rats
67 creatures vanquished.
